 Dungeon Crawl Stone Soup version 0.16-a0-734-gc254e8c (webtiles) character file.

3345 PolkaDot the Cruncher (level 9, -2/71 HPs)
             Began as a Vampire Gladiator on Sept 22, 2014.
             Was a Priest of Qazlal.
             Slain by a centaur (8 damage)
             ... on Level 8 of the Dungeon.
             The game lasted 00:27:18 (7197 turns).

PolkaDot the Cruncher (Vampire Gladiator)           Turns: 7197, Time: 00:27:19

HP  -2/71        AC  9     Str 19      XL: 9   Next: 72%
MP  18/18        EV 14     Int 10      God: Qazlal [***...]
Gold 451         SH  4     Dex 17      Spells:  0 memorised,  8 levels left

rFire  . . .     SeeInvis +     a - +1 quarterstaff
rCold  . . .     Clarity  .     b - +0 leather armour
rNeg   + . .     rCorr    .     (no shield)
rPois  .         rRot     .     c - +0 helmet
rElec  .         Spirit   .     (no cloak)
SustAb .         Warding  .     x - +2 pair of gloves {Str+3}
rMut   .         Stasis   .     (no boots)
Gourm  +                        n - amulet of the gourmand
MR     .....                    (no ring)
                                l - ring of positive energy

@: regenerating quickly, not resistant to hostile enchantments, very unstealthy
A: bottle blood, fangs 3, slimy green scales 1, see invisible, strong 1,
unbreathing
a: Bottle Blood, Upheaval, Elemental Force, Renounce Religion


You were on level 8 of the Dungeon.
You worshipped Qazlal.
Qazlal was most pleased with you.
You were very full.

You visited 1 branch of the dungeon, and saw 8 of its levels.

You collected 586 gold pieces.
You spent 135 gold pieces at shops.

Inventory:

Hand weapons
 a - a +1 quarterstaff (weapon)
Armour
 b - a +0 leather armour (worn)
 c - a +0 helmet (worn)
 x - a +2 pair of gloves of strength (worn)
Magical devices
 d - a wand of flame (0)
 k - a wand of random effects (0)
 r - a wand of fire (6) {unknown}
 v - a wand of flame (10)
Scrolls
 f - 3 scrolls of magic mapping
 g - a scroll of recharging
 h - a scroll of teleportation {unknown}
 j - 2 scrolls of amnesia
 p - a scroll of random uselessness {unknown}
 q - a scroll of noise {unknown}
 s - 2 scrolls of remove curse
 w - a scroll of silence {unknown}
Jewellery
 l - a ring of positive energy (left hand)
 n - an amulet of the gourmand (around neck)
 t - an uncursed ring of protection from cold {unknown}
Books
 i - a book of Battle

   Spells                             Type                      Level
   Infusion                           Charms                       1
   Shroud of Golubria                 Charms/Translocation         2
   Song of Slaying                    Charms                       2
   Spectral Weapon                    Hexes/Charms                 3
   Regeneration                       Charms/Necromancy            3
 m - a book of Hinderance

   Spells                             Type                      Level
   Confusing Touch                    Hexes                        2
   Confuse                            Hexes                        3
   Petrify                            Transmutation/Earth          4
   Leda's Liquefaction                Hexes/Earth                  4
   Metabolic Englaciation             Hexes/Ice                    5
   Summon Mana Viper                  Hexes/Summoning              5
 o - a book of Alchemy

   Spells                             Type                      Level
   Sublimation of Blood               Necromancy                   2
   Alistair's Intoxication            Transmutation/Poison         4
   Condensation Shield                Ice                          4
   Petrify                            Transmutation/Earth          4
   Ignite Poison                      Fire/Transmutation           5
 u - a book of Debilitation

   Spells                             Type                      Level
   Corona                             Hexes                        1
   Slow                               Hexes                        2
   Inner Flame                        Hexes/Fire                   3
   Enslavement                        Hexes                        4
   Cause Fear                         Hexes                        4
   Leda's Liquefaction                Hexes/Earth                  4


   Skills:
 + Level 6.7 Fighting
 * Level 8.6 Staves
 - Level 1.5 Throwing
 - Level 4.1 Dodging
 + Level 5.7 Invocations


You had 8 spell levels left.
You didn't know any spells.

Dungeon Overview and Level Annotations

Branches:
Dungeon (8/15)             Temple (0/1) D:5
   Lair: D:8-11

Altars:
Fedhas
Gozag
Nemelex Xobeh
Okawaru
Qazlal
Sif Muna
Trog
Xom
The Shining One

Shops:
D:5 *   D:7 =


Innate Abilities, Weirdness & Mutations

Your natural rate of healing is unusually fast.
You can bottle blood from corpses.
You have razor-sharp teeth.
You have supernaturally acute eyesight.
You can survive without breathing.
You are partially covered in slimy green scales (AC +2).
Your muscles are strong. (Str +2)


Message History

a runed dagger; a robe; an arrow You hit the centaur.
The centaur is lightly wounded.
The centaur barely misses you.
You barely miss the centaur. You bite the centaur.
The centaur is moderately wounded.
The centaur closely misses you.
The wight hits you from afar with a halberd of freezing!
* * * LOW HITPOINT WARNING * * *
The wight freezes you.
* * * LOW HITPOINT WARNING * * *
Read which item? (? for menu, Esc to quit)
Okay, then.
Read which item? (? for menu, Esc to quit)
As you read the scroll labeled QAIDDATWAOTA, it crumbles to dust.
It is a scroll of enchant weapon.
Enchant which weapon? (? for menu, Esc to quit)
Your +0 quarterstaff glows red for a moment.
The centaur hits you!
You die...

#####.#######.....#.#
#.#######.###.#.#
#..##...........#
#####.###.##.###...#
#...#...........<..#
#.#.##...###.##.#..#
#........+....#....#
.##.......###.z###.##
.'.....#..# #zzc@(.#
.##..(.##'###.######
......(....z(.#
..#####...z##.# .
#.........
#.....#(....
#.....#.......
#.....#......
###.".....!.


You could see a centaur and 3 wights.

Vanquished Creatures
  Pikel (D:4)
  2 ice beasts
  A sky beast (D:7)
  A slave (D:4)
  A phantom (D:7)
  6 ogres
  2 giant frogs
  A big kobold (D:7)
  Blork the orc (D:6)
  2 wights (D:8)
  2 scorpions
  2 eyes of draining (D:6)
  6 killer bees
  A goliath beetle (D:7)
  A jelly (D:7)
  3 orc priests
  A centaur skeleton (D:5)
  5 orc wizards
  2 giant frog skeletons
  4 hounds
  13 worker ants
  3 iguanas
  A killer bee zombie (D:8)
  Ijyb (D:3)
  Jessica (D:3)
  5 adders
  4 gnolls
  A scorpion zombie (D:7)
  4 giant mites (D:5)
  An inept item mimic (D:7)
  3 worms
  3 oozes
  26 orcs
  A bat skeleton (D:7)
  5 giant cockroaches
  12 goblins
  6 hobgoblins
  8 jackals
  13 kobolds
  3 quokkas
  10 bats
  5 giant geckos
  A giant gecko skeleton (D:6)
  4 giant newts
  A hobgoblin zombie (D:7)
  8 rats
  4 ballistomycetes (D:6)
  A butterfly (D:5)
193 creatures vanquished.

Vanquished Creatures (others)
  An adder (D:4)
  An orc (D:4)
  A ball python (D:4)
  A goblin (D:4)
  A giant spore (D:6)
5 creatures vanquished.

Grand Total: 198 creatures vanquished

Notes
Turn   | Place    | Note
--------------------------------------------------------------
     0 | D:1      | PolkaDot, the Vampire Gladiator, began the quest for the Orb.
     0 | D:1      | Reached XP level 1. HP: 16/16 MP: 1/1
   391 | D:2      | Found an opulent altar of Gozag.
   797 | D:1      | Reached XP level 2. HP: 22/22 MP: 2/2
  1032 | D:1      | HP: 1/22 [gnoll/spear (4)]
  1385 | D:2      | Reached XP level 3. HP: 28/28 MP: 3/3
  1504 | D:2      | Found an iron altar of Okawaru.
  1557 | D:2      | Found a stormy altar of Qazlal.
  1562 | D:2      | Noticed a fire elemental
  1562 | D:2      | Noticed a water elemental
  1565 | D:2      | Noticed an earth elemental
  1565 | D:2      | Noticed an air elemental
  1570 | D:2      | Became a worshipper of Qazlal Stormbringer
  1757 | D:2      | Found a glowing golden altar of the Shining One.
  2063 | D:3      | Reached XP level 4. HP: 24/34 MP: 4/4
  2071 | D:3      | Reached skill level 4 in Dodging
  2090 | D:3      | Acquired Qazlal's first power
  2261 | D:3      | Noticed Jessica
  2280 | D:3      | Killed Jessica
  2280 | D:3      | Reached XP level 5. HP: 32/41 MP: 5/5
  2346 | D:3      | HP: 2/41 [worm (6)]
  2396 | D:3      | Found a deep blue altar of Sif Muna.
  2423 | D:3      | Reached skill level 1 in Invocations
  2438 | D:3      | Found a blossoming altar of Fedhas.
  2443 | D:3      | Found a sparkling altar of Nemelex Xobeh.
  2444 | D:3      | Found a shimmering altar of Xom.
  2747 | D:3      | Noticed Ijyb
  2769 | D:3      | Killed Ijyb
  2918 | D:4      | Reached XP level 6. HP: 47/47 MP: 7/7
  2963 | D:4      | Found a deep blue altar of Sif Muna.
  3317 | D:4      | Noticed an ogre
  3325 | D:4      | Killed an ogre
  3325 | D:4      | Acquired Qazlal's second power
  3440 | D:4      | Noticed a slave
  3441 | D:4      | Noticed Pikel
  3441 | D:4      | Noticed a slave
  3442 | D:4      | Noticed a slave
  3444 | D:4      | Noticed a slave
  3453 | D:4      | Killed a slave
  3469 | D:4      | Killed Pikel
  3469 | D:4      | Reached skill level 5 in Staves
  3469 | D:4      | Reached XP level 7. HP: 7/55 MP: 8/11
  3831 | D:5      | Entered Level 5 of the Dungeon
  3852 | D:5      | Reached XP level 8. HP: 46/61 MP: 13/13
  4040 | D:5      | Reached skill level 6 in Staves
  4207 | D:5      | Reached skill level 5 in Fighting
  4287 | D:5      | Found Khieh's Assorted Antiques.
  4292 | D:5      | Bought a pair of embroidered gloves for 135 gold pieces
  4596 | D:5      | Found a staircase to the Ecumenical Temple.
  5078 | D:6      | Found a bloodstained altar of Trog.
  5113 | D:6      | Found a bloodstained altar of Trog.
  5140 | D:6      | Reached skill level 7 in Staves
  5263 | D:6      | Noticed Blork the orc
  5288 | D:6      | Killed Blork the orc
  5384 | D:6      | Reached XP level 9. HP: 69/69 MP: 16/16
  5694 | D:7      | Found Puc Ishe's Jewellery Shop.
  5703 | D:7      | Acquired Qazlal's third power
  5734 | D:7      | Gained mutation: Your muscles are strong. (Str +2) [potion of mutation]
  5734 | D:7      | Gained mutation: You are partially covered in slimy green scales (AC +2). [potion of mutation]
  5754 | D:7      | Reached skill level 5 in Invocations
  6295 | D:7      | Reached skill level 8 in Staves
  6812 | D:7      | Got an iridescent cutlass
  6813 | D:7      | Identified the +6 cutlass of Frustration {venom, rPois Str+2 SInv} (You found it on level 7 of the Dungeon)
  7197 | D:8      | Slain by a centaur

Action                   |  1- 3 |  4- 6 |  7- 9 || total
-------------------------+-------+-------+-------++-------
Melee: Quarterstaff      |   109 |   210 |   491 ||   810
Throw: Throwing net      |       |     9 |     2 ||    11
Invok: Upheaval          |       |       |     1 ||     1
 Abil: Bottle Blood      |       |     4 |    18 ||    22
Evoke: Wand              |       |       |    19 ||    19
  Use: Scroll            |     2 |     5 |     9 ||    16
       Potion            |     1 |     4 |    23 ||    28
 Stab: Sleeping          |     1 |       |       ||     1
       Held in net/web   |       |     5 |     2 ||     7
       Invisible         |       |     1 |       ||     1
  Eat: Corpse            |    12 |    12 |     7 ||    31
